 Dungeon Sprint DCSS version 0.30-a0-469-g84de5afbc5 (webtiles) character file.

Game seed: 17440710975116795529

5300000 NinjaNoafa the Ninja (level 22, -7/148 HPs)
             Began as a Spriggan Enchanter on Dec 19, 2022.
             Was the Champion of Makhleb.
             Killed by the air
             ... invoked by a tyrant
              (19 damage)
             ... in the Dungeon (Sprint VIII: "Arena of Blood").
             The game lasted 00:01:06 (53 turns).

NinjaNoafa the Ninja (Spriggan Enchanter)             Turns: 53, Time: 00:01:07

Health: -7/148     AC:  4    Str:  4    XL:     22   Next: 12%
Magic:  15/54      EV: 46    Int: 20    God:    Makhleb [******]
Gold:   0          SH:  0    Dex: 23    Spells: 75/75 levels left

rFire   . . .      SeeInvis +    j - +∞ Axe of Woe
rCold   . . .      Faith    .    (shield currently unavailable)
rNeg    . . .      Spirit   .    b - +0 robe
rPois   .          Reflect  .    (helmet restricted)
rElec   .          Harm     .    (no cloak)
rCorr   .          Rampage  .    (gloves unavailable)
Will    +++..      NoTele   +    (boots unavailable)
Stlth   ++++++++++               (no amulet)
HPRegen 0.44/turn                k - +30 ring of slaying
MPRegen 0.34/turn                l - +30 ring of slaying

@: very quick
A: very small, no large weapons, unfitting armour, see invisible, speed 3
a: Renounce Religion, Minor Destruction, Lesser Servant of Makhleb, Major
Destruction, Greater Servant of Makhleb


You were in the Dungeon.
You worshipped Makhleb.
Makhleb was exalted by your worship.
You visited 1 branch

Inventory:

Hand Weapons
 a - a +1 dagger
 j - the +∞ Axe of Woe (weapon)
   (You found it in the Dungeon)
Armour
 b - a +0 robe (worn)
Jewellery
 k - a +30 ring of slaying (left hand)
 l - a +30 ring of slaying (right hand)
Potions
 c - 2 potions of invisibility
 d - a potion of curing
 f - a potion of haste
 g - 2 potions of magic
 h - a potion of berserk rage


   Skills:
 O Level 27 Fighting
 O Level 27 Short Blades
 + Level 8.6(16.3) Long Blades
 O Level 27 Axes
 + Level 7.8(18.7) Maces & Flails
 + Level 7.8(18.7) Polearms
 + Level 7.8(10.6) Staves
 + Level 10.2 Ranged Weapons
 + Level 10.2 Throwing
 O Level 27 Armour
 O Level 27 Dodging
 O Level 27 Stealth
 + Level 7.8 Shields
 + Level 8.6 Unarmed Combat
 O Level 27 Spellcasting
 + Level 7.8 Conjurations
 O Level 27 Hexes
 + Level 9.4 Summonings
 + Level 9.4 Necromancy
 + Level 14.2 Translocations
 + Level 13.1 Transmutations
 + Level 8.6 Fire Magic
 + Level 8.6 Ice Magic
 + Level 10.3 Air Magic
 + Level 10.3 Earth Magic
 + Level 11.2 Poison Magic
 O Level 27 Invocations
 + Level 14.3 Evocations


You had 75 spell levels left.
You didn't know any spells.
Your spell library contained the following spells:

 Spells                   Type           Power      Damage    Failure   Level
 Ensorcelled Hibernation  Hex/Ice        100%       N/A       0%          2
 Confusing Touch          Hex            94%        N/A       0%          3
 Dazzling Flash           Conj/Hex       100%       N/A       0%          3
 Tukima's Dance           Hex            94%        N/A       0%          3


Dungeon Overview and Level Annotations

Branches:
Dungeon (1/1)

Altars:
Makhleb


Innate Abilities, Weirdness & Mutations

You are very small and have problems with some larger weapons.
You are too small for most types of armour.
You have supernaturally acute eyesight. (SInv)
You cover ground extremely quickly. (Speed+++)


Message History

A meat berserker comes into view. It is wielding a +9 battleaxe.
The meat berserker appears out of thin air!
A meat berserker comes into view. It is wielding a +9 battleaxe.
You are engulfed in blazing flames.
* * * LOW HITPOINT WARNING * * *
You hear a shout! x2
A sculptor of flesh comes into view. It is wielding a +9 great sword.
You hear a shout! x2
A sculptor of flesh comes into view. It is wielding a +9 great sword.
You hear a shout!
The meat berserker is engulfed in blazing flames.
You hear a shout!
The meat berserker shouts!
You open the bag of meat like a pillowcase!!!
You slaughter the bag of meat joyfully.
You blow up the bag of meat!
Makhleb accepts your kill.
You feel better.
You are engulfed in blazing flames.
* * * LOW HITPOINT WARNING * * *
You hear a shout! x2
The eight-headed meat hydra calls on the powers of darkness!
The eight-headed meat hydra convulses!
The meat berserker convulses! x2
Your body is wracked with pain!
* * * LOW HITPOINT WARNING * * *
The bag of meat convulses! x6
You hear a shout!
The tyrant gestures wildly while chanting.
The tyrant seems to speed up.
You hear a shout!
Okay, then.
You feel much better.
The tyrant appears out of thin air!
A tyrant comes into view.
You are engulfed in blazing flames.
* * * LOW HITPOINT WARNING * * *
You hear a shout! x3
A meat berserker comes into view. It is wielding a +9 battleaxe.
You hear a shout!
The meat berserker rages.
The tyrant waves its bony arms in wide circles.
The air twists around and strikes you!!
You die...

..... #§§○._# .
.....O#))§).#...
#.....)☼)°......
......)D###......
...###○☼.....###.
.... #.......#
.....#.O.O...#.
.....§§))......
....oo§@§....o.
.....o§§O....z.
.....o§o).....#
....#.o......#.
... .........# .O
##.#......z. .
..L....L...
....#.....##


You could see 2 tyrants, an eight-headed meat hydra, 2 sculptors of flesh, 5
meat berserkers and 7 bags of meat.

Vanquished Creatures
  10 vampire knights (D)
  17 ogres (D)
  4 two-headed ogres (D)
  28 orcs (D)
  2 skeletal warriors (D)
61 creatures vanquished.

Vanquished Creatures (others)
  An ogre (D)
  A hydra (D)
  2 orcs (D)
4 creatures vanquished.

Grand Total: 65 creatures vanquished

Notes
Turn   | Place    | Note
-------+----------+-------------------------------------------
     0 | D        | Found the +∞ Axe of Woe
     0 | D        | NinjaNoafa the Spriggan Enchanter began the quest for the
                  | Orb.
     0 | D        | Reached XP level 1. HP: 9/9 MP: 5/5
     2 | D        | Noticed a bag of meat
     3 | D        | Became a worshipper of Makhleb the Destroyer
     5 | D        | Noticed a bag of meat
     5 | D        | Noticed a bag of meat
     6 | D        | Noticed a bag of meat
     7 | D        | Killed a bag of meat
     7 | D        | Noticed a bag of meat
     7 | D        | Noticed a bag of meat
     8 | D        | Reached skill level 15 in Dodging
     8 | D        | Reached XP level 2. HP: 13/13 MP: 5/18
     8 | D        | Reached XP level 3. HP: 16/16 MP: 5/19
     8 | D        | Reached XP level 4. HP: 21/21 MP: 5/21
     8 | D        | Reached XP level 5. HP: 24/24 MP: 5/22
     8 | D        | Reached XP level 6. HP: 28/28 MP: 5/24
     8 | D        | Reached XP level 7. HP: 32/32 MP: 5/25
     8 | D        | Reached XP level 8. HP: 36/36 MP: 5/27
     8 | D        | Reached XP level 9. HP: 39/39 MP: 5/28
     8 | D        | Reached XP level 10. HP: 44/44 MP: 5/29
     8 | D        | Noticed a meat berserker
     8 | D        | Noticed a bag of meat
    10 | D        | Killed a meat berserker
    10 | D        | Reached * piety under Makhleb
    11 | D        | Reached skill level 5 in Fighting
    11 | D        | Reached skill level 5 in Axes
    11 | D        | Reached skill level 5 in Armour
    11 | D        | Reached XP level 11. HP: 56/56 MP: 5/32
    11 | D        | Reached XP level 12. HP: 60/60 MP: 5/33
    11 | D        | Killed a bag of meat
    11 | D        | Noticed a bag of meat
    11 | D        | Noticed a bag of meat
    11 | D        | Noticed a bag of meat
    12 | D        | Reached skill level 15 in Short Blades
    12 | D        | Reached XP level 13. HP: 34/66 MP: 5/34
    12 | D        | Killed a bag of meat
    12 | D        | Killed a bag of meat
    12 | D        | Reached ** piety under Makhleb
    12 | D        | Killed a bag of meat
    12 | D        | Noticed a bag of meat
    13 | D        | Reached skill level 10 in Invocations
    13 | D        | Reached XP level 14. HP: 57/74 MP: 6/37
    13 | D        | Noticed a meat berserker
    13 | D        | Killed a bag of meat
    13 | D        | Noticed a meat berserker
    13 | D        | Noticed a bag of meat
    14 | D        | Killed a bag of meat
    14 | D        | Reached *** piety under Makhleb
    15 | D        | Reached skill level 10 in Axes
    15 | D        | Noticed a meat berserker
    15 | D        | Noticed a meat berserker
    15 | D        | Noticed a bag of meat
    15 | D        | Noticed a bag of meat
    15 | D        | Noticed a bag of meat
    15 | D        | Noticed a meat berserker
    17 | D        | Noticed a meat berserker
    17 | D        | Noticed a destroyer
    18 | D        | Noticed a large bag of meat
    18 | D        | Killed a meat berserker
    19 | D        | Reached skill level 10 in Fighting
    19 | D        | Reached skill level 10 in Armour
    19 | D        | Reached XP level 15. HP: 81/81 MP: 7/40
    19 | D        | Noticed a destroyer
    19 | D        | Killed a meat berserker
    20 | D        | Reached **** piety under Makhleb
    20 | D        | Killed a meat berserker
    20 | D        | Noticed a large bag of meat
    21 | D        | Reached skill level 27 in Stealth
    21 | D        | Reached skill level 15 in Invocations
    21 | D        | Reached XP level 16. HP: 31/90 MP: 8/43
    21 | D        | Killed a meat berserker
    21 | D        | Killed a meat berserker
    21 | D        | Killed a meat berserker
    21 | D        | Reached ***** piety under Makhleb
    22 | D        | Reached skill level 15 in Fighting
    22 | D        | Reached skill level 15 in Axes
    22 | D        | Reached XP level 17. HP: 97/99 MP: 8/46
    22 | D        | Noticed a meat berserker
    24 | D        | Reached skill level 15 in Armour
    24 | D        | Reached skill level 27 in Dodging
    24 | D        | Noticed a destroyer
    25 | D        | Killed a destroyer
    25 | D        | Killed a destroyer
    25 | D        | Reached ****** piety under Makhleb
    26 | D        | Reached skill level 27 in Spellcasting
    26 | D        | Reached skill level 27 in Hexes
    26 | D        | Reached XP level 18. HP: 110/110 MP: 9/50
    26 | D        | Noticed a meat berserker
    28 | D        | Noticed an eight-headed meat hydra
    29 | D        | Killed a meat berserker
    30 | D        | Noticed a meat berserker
    31 | D        | Reached skill level 27 in Short Blades
    32 | D        | Killed a large bag of meat
    32 | D        | Killed a meat berserker
    32 | D        | Noticed a destroyer
    32 | D        | Noticed a meat berserker
    33 | D        | Reached XP level 19. HP: 57/121 MP: 10/51
    33 | D        | Killed a large bag of meat
    33 | D        | Noticed a destroyer
    34 | D        | Killed a destroyer
    35 | D        | Reached skill level 27 in Invocations
    36 | D        | Reached XP level 20. HP: 75/133 MP: 11/52
    36 | D        | Killed a destroyer
    38 | D        | Killed a destroyer
    38 | D        | Noticed a meat berserker
    39 | D        | Reached skill level 27 in Fighting
    39 | D        | Reached skill level 27 in Axes
    39 | D        | Killed a meat berserker
    40 | D        | Killed a meat berserker
    41 | D        | Reached skill level 27 in Armour
    41 | D        | Reached skill level 1 in Long Blades
    41 | D        | Reached skill level 1 in Maces & Flails
    41 | D        | Reached skill level 1 in Polearms
    41 | D        | Reached skill level 1 in Staves
    41 | D        | Reached skill level 1 in Shields
    41 | D        | Reached skill level 1 in Unarmed Combat
    41 | D        | Reached skill level 1 in Conjurations
    41 | D        | Reached skill level 1 in Summonings
    41 | D        | Reached skill level 1 in Necromancy
    41 | D        | Reached skill level 1 in Fire Magic
    41 | D        | Reached skill level 1 in Ice Magic
    41 | D        | Noticed a destroyer
    41 | D        | Noticed an eight-headed meat hydra
    42 | D        | Noticed a large bag of meat
    42 | D        | Noticed a meat berserker
    42 | D        | Noticed a meat berserker
    42 | D        | Noticed a meat berserker
    42 | D        | Noticed a large bag of meat
    42 | D        | Noticed a destroyer
    42 | D        | Noticed a destroyer
    42 | D        | Noticed a destroyer
    42 | D        | Noticed a destroyer
    42 | D        | Noticed a meat berserker
    43 | D        | Noticed a meat berserker
    43 | D        | Killed a destroyer
    44 | D        | Reached skill level 5 in Poison Magic
    44 | D        | Reached XP level 21. HP: 61/142 MP: 13/53
    44 | D        | Killed a destroyer
    45 | D        | Reached skill level 5 in Long Blades
    45 | D        | Reached skill level 5 in Maces & Flails
    45 | D        | Reached skill level 5 in Polearms
    45 | D        | Reached skill level 5 in Staves
    45 | D        | Reached skill level 5 in Shields
    45 | D        | Reached skill level 5 in Unarmed Combat
    45 | D        | Reached skill level 5 in Conjurations
    45 | D        | Reached skill level 5 in Fire Magic
    45 | D        | Reached skill level 5 in Ice Magic
    45 | D        | Killed a destroyer
    45 | D        | Killed a destroyer
    46 | D        | Killed a large bag of meat
    48 | D        | Reached skill level 10 in Poison Magic
    48 | D        | Killed a large bag of meat
    49 | D        | Killed a destroyer
    50 | D        | Reached skill level 10 in Ranged Weapons
    50 | D        | Reached skill level 10 in Throwing
    50 | D        | Reached skill level 10 in Air Magic
    50 | D        | Reached skill level 10 in Earth Magic
    50 | D        | Reached XP level 22. HP: 33/148 MP: 14/54
    51 | D        | Noticed a tyrant
    53 | D        | Killed from afar by a tyrant

Illustrated notes

Levels and vault maps discovered:
D:        meatsprint

Skill      XL: |  1  2  3  4  5  6  7  8  9 10 11 12 13 14 15 16 17 18 19 20 21 |
---------------+----------------------------------------------------------------+-----
Short Blades   | 12 14 15 17 18 20 22 25 27 | 27.0
Dodging        | 15 17 18 20 21 23 26 27 | 27.0
Stealth        | 18 20 21 23 25 27 | 27.0
Spellcasting   | 14 16 18 20 22 24 27 | 27.0
Hexes          | 14 16 17 18 20 22 24 27 | 27.0
Fighting       | 5 6 8 10 12 15 18 21 24 27 | 27.0
Axes           | 5 6 9 10 12 15 18 21 24 27 | 27.0
Armour         | 5 6 8 10 11 14 17 20 22 27 | 27.0
Invocations    | 6 8 10 12 15 17 21 25 27 | 27.0
Long Blades    | 4 8 |  8.6
Maces & Flails | 3 7 |  7.8
Polearms       | 3 7 |  7.8
Staves         | 3 7 |  7.8
Ranged Weapons | 4 10 | 10.2
Throwing       | 4 10 | 10.2
Shields        | 3 7 |  7.8
Unarmed Combat | 4 8 |  8.6
Conjurations   | 3 7 |  7.8
Summonings     | 4 9 |  9.4
Necromancy     | 4 9 |  9.4
Translocations | 7 14 | 14.2
Transmutations | 6 13 | 13.1
Fire Magic     | 4 8 |  8.6
Ice Magic      | 4 8 |  8.6
Air Magic      | 4 10 | 10.3
Earth Magic    | 4 10 | 10.3
Poison Magic   | 5 11 | 11.2
Evocations     | 7 14 | 14.3

Action                   |  1- 3 |  4- 6 |  7- 9 | 10-12 | 13-15 | 16-18 | 19-21 | 22-24 || total
-------------------------+-------+-------+-------+-------+-------+-------+-------+-------++-------
Melee: Broad axe         |     1 |       |       |     2 |     6 |     9 |    15 |     3 ||    36
  Use: Scroll            |       |       |       |       |       |       |     1 |       ||     1
       Potion            |       |       |       |       |       |       |       |     1 ||     1
Dodge: Dodged            |       |       |       |     1 |       |       |       |       ||     1

Table legend: (Time is in decaauts)
 A = Elapsed time spent in this place.
 B = Non-inter-level travel time spent in this place.
 C = Inter-level travel time spent in this place.
 D = Time resting spent in this place.
 E = Time spent auto-exploring this place.
 F = Levels seen in this place.
 G = Mean time per level.
                   A        B        C        D        E       F      G
               +--------+--------+--------+--------+--------+-----+--------+
         Total |     42 |     42 |      0 |      0 |      0 |   1 |   42.0 |
       Dungeon |     42 |     42 |      0 |      0 |      0 |   1 |   42.0 |
               +--------+--------+--------+--------+--------+-----+--------+

Top non-repeatable levels by time:
       D: 42 daAuts
